Pittsburgh Penguins vs New York Islanders

Created - jeudi 1 novembre 2018 at 19:00

Goals
1 2 3 T
Pittsburgh Penguins 1 1 1 3
New York Islanders 2 1 2 5
Shots
1 2 3 T
Pittsburgh Penguins 12 13 9 34
New York Islanders 15 10 15 40

1st period

1. New York Islanders , Mikko Rantanen 3 (Anders Lee 1, Oliver Ekman-Larsson 3) at 4:06 (PP)
2. Pittsburgh Penguins , Bryan Rust 1 (Jake Guentzel 1, Tom Kuhnhackl 1) at 9:08
3. New York Islanders , Sven Baertschi 3 (Josh Gorges 5) at 17:41

Penalties :
Zach Aston-Reese (PIT) for Hooking (Minor) at 3:50

2nd period

4. New York Islanders , Mikko Rantanen 4 (Bryan Little 5) at 1:34
5. Pittsburgh Penguins , Evgeni Malkin 2 (Kris Letang 4) at 15:02

Penalties :
Jake Guentzel (PIT) for Hooking (Minor) at 2:47, Nick Foligno (NYI) for Hooking (Minor) at 11:44, Martin Marincin (NYI) for Holding (Minor) at 18:22

3rd period

6. Pittsburgh Penguins , Justin Schultz 1 (Evgeni Malkin 8) at 0:04 (PP)
7. New York Islanders , Kyle Okposo 4 (Nick Foligno 5) at 14:47
8. New York Islanders , Mikko Rantanen 5 (Mikael Backlund 6) at 15:11 (PP)

Penalties :
Martin Marincin (NYI) for Checking from behind (Minor) at 2:04, Bryan Rust (PIT) for Roughing (Minor) at 10:36, Blake Comeau (PIT) for Holding (Minor) at 15:09

Goalie Stats

Matt Murray (PIT), 35 saves from 40 shots - (0.875), L, 4-5-2, 60:00 minutes
Martin Jones (NYI), 31 saves from 34 shots - (0.912), W, 7-3-1, 60:00 minutes

Players Stats for Pittsburgh Penguins

Player Name              G  A  P  +/- PIM S  H  SB GA TA FO     MP     PP MP  PK MP  
------------------------------------------------------------------------------------
Blake Comeau             0  0  0  -2  2   2  2  0  0  1  0/2    16:46   2:40   0:21 
Brian Dumoulin           0  0  0  -1  0   2  0  0  1  0  0/0    23:20   2:55   1:56 
Bryan Rust               1  0  1   1  2   2  0  0  0  1  0/0    12:38   0:37   0:00 
Carl Hagelin             0  0  0   0  0   6  1  1  1  0  0/0    17:55   2:23   2:04 
Conor Sheary             0  0  0  -2  0   2  1  0  1  0  0/1    16:26   2:40   0:00 
Derrick Pouliot          0  0  0   0  0   1  1  2  0  0  0/0    17:28   0:25   2:16 
Dominik Simon            0  0  0   0  0   3  1  0  0  0  0/0    12:06   0:00   1:04 
Evgeni Malkin            1  1  2   0  0   4  0  0  1  0  9/16   17:17   2:26   0:33 
Ian Cole                 0  0  0   0  0   0  0  2  0  0  0/0    15:50   0:00   0:04 
Jake Guentzel            0  1  1   1  2   2  2  1  0  0  5/11   12:53   0:27   1:05 
Josh Archibald           0  0  0   0  0   1  1  0  0  0  0/0    11:01   0:13   0:00 
Justin Schultz           1  0  1   0  0   1  1  0  0  0  0/0    15:46   2:55   0:04 
Kris Letang              0  1  1  -1  0   2  0  1  1  2  0/0    27:11   2:45   1:56 
Olli Maatta              0  0  0   0  0   0  1  1  0  3  0/0    20:25   2:20   2:16 
Patric Hornqvist         0  0  0   0  0   4  2  0  1  0  1/1    16:09   2:23   0:00 
Sidney Crosby            0  0  0  -2  0   0  2  0  1  2  10/21  18:25   2:55   1:47 
Tom Kuhnhackl            0  1  1   1  0   1  2  0  0  0  0/0    13:17   0:16   1:38 
Zach Aston-Reese         0  0  0   0  2   1  2  1  0  0  1/6    10:47   0:00   0:00 

Players Stats for New York Islanders

Player Name              G  A  P  +/- PIM S  H  SB GA TA FO     MP     PP MP  PK MP  
------------------------------------------------------------------------------------
Alex Galchenyuk          0  0  0  -1  0   4  0  0  1  0  0/1    17:02   1:51   1:28 
Anders Lee               0  1  1   0  0   1  2  0  0  0  1/1    16:38   2:17   0:10 
Andrew MacDonald         0  0  0   1  0   1  0  0  2  0  0/0    20:56   1:37   3:14 
Braydon Coburn           0  0  0   1  0   1  3  0  0  1  0/0    20:56   1:37   3:14 
Bryan Little             0  1  1   0  0   2  3  0  2  0  12/16  18:20   1:51   1:46 
Derek Forbort            0  0  0   0  0   0  1  2  0  1  0/0    25:29   2:39   2:26 
Josh Gorges              0  1  1   0  0   1  1  0  0  1  0/0    13:35   0:00   0:00 
Kyle Okposo              1  0  1   2  0   1  2  0  0  0  0/0    12:43   0:01   0:00 
Martin Marincin          0  0  0   0  4   0  3  0  0  0  0/0    13:49   0:00   0:00 
Mikael Backlund          0  1  1  -1  0   2  0  0  1  0  10/24  18:54   2:24   2:53 
Mikko Rantanen           3  0  3   0  0   11 0  1  1  0  0/0    17:59   2:24   1:05 
Nick Foligno             0  1  1   2  2   4  2  0  1  1  5/9    14:45   0:09   1:14 
Nikolay Kulemin          0  0  0   0  0   2  0  0  0  0  1/1    11:37   0:00   2:44 
Oliver Ekman-Larsson     0  1  1   0  0   1  2  0  0  3  0/0    25:29   2:39   2:26 
Phillip Di Giuseppe      0  0  0   0  0   1  1  0  0  0  0/0     8:53   0:00   0:00 
Sam Reinhart             0  0  0  -1  0   4  0  0  0  0  2/3    15:40   1:51   0:00 
Sven Baertschi           1  0  1   2  0   2  2  1  0  0  0/0    12:39   0:00   0:00 
Tanner Fritz             0  0  0   0  0   2  0  1  1  0  1/3     8:53   0:00   0:00 

3 Stars

1 - Mikko Rantanen (NYI)
2 - Sven Baertschi (NYI)
3 - Kyle Okposo (NYI)

Power Play

Pittsburgh Penguins - 1 on 3 Attempt(s) - 33.33%
New York Islanders - 2 on 4 Attempt(s) - 50.00%

Penalty Kill

Pittsburgh Penguins - 2 on 4 Attempt(s) - 50.00% - Score 0 goal in Penalty Kill
New York Islanders - 2 on 3 Attempt(s) - 66.67% - Score 0 goal in Penalty Kill

Team Stat

Pittsburgh Penguins - Hits : 19 - Faceoff Wins : 26 - Blocked Shots : 9 - Penalty Minutes : 8
New York Islanders - Hits : 22 - Faceoff Wins : 32 - Blocked Shots : 5 - Penalty Minutes : 6

Official

Referees : Tom Kowal and Kendrick Nicholson
Linesman : Ryan Galloway and Andrew Smith

Game Notes

Mikko Rantanen has scored a Hat Trick!

Finance

Level 1 -- Attendance: 9794 (97.94%) -- Ticket Income fr. 783'520
Level 2 -- Attendance: 1935 (96.75%) -- Ticket Income fr. 125'775
Level 3 -- Attendance: 2841 (81.17%) -- Ticket Income fr. 99'435
Level 4 -- Attendance: 1431 (98.69%) -- Ticket Income fr. 28'620
Luxury Box -- Attendance: 49 (98.00%) -- Ticket Income fr. 9'800
Game was played at the Barclays Center.
Total Attendance: 16050 (94.41%)
Total Ticket Income: fr. 1'047'150
Total Income: fr. 1'047'150

Pittsburgh Penguins

5 vs 5 Forward 
   Center                   Left Wing                Right Wing               Time % Phy DF OF 
 1 Sidney Crosby            Blake Comeau             Conor Sheary             30     1   0  4  
 2 Evgeni Malkin            Carl Hagelin             Patric Hornqvist         30     1   1  3  
 3 Jake Guentzel            Bryan Rust               Tom Kuhnhackl            22     1   2  2  
 4 Zach Aston-Reese         Dominik Simon            Josh Archibald           18     1   3  1  

5 vs 5 Defense 
   Defense                  Defense                                           Time % Phy DF OF 
 1 Kris Letang              Olli Maatta                                       30     1   1  3  
 2 Justin Schultz           Brian Dumoulin                                    26     1   2  2  
 3 Derrick Pouliot          Ian Cole                                          24     2   3  0  
 4 Kris Letang              Brian Dumoulin                                    20     1   3  1  

PowerPlay Forward 
   Center                   Left Wing                Right Wing               Time % Phy DF OF 
 1 Evgeni Malkin            Carl Hagelin             Patric Hornqvist         50     1   0  4  
 2 Sidney Crosby            Blake Comeau             Conor Sheary             50     1   0  4  

PowerPlay Defense
   Defense                  Defense                                           Time % Phy DF OF 
 1 Kris Letang              Olli Maatta                                       50     1   1  3  
 2 Justin Schultz           Brian Dumoulin                                    50     0   2  3  

Penalty Kill 4 Players Forward 
   Center                   Wing                     Time % Phy DF OF 
 1 Sidney Crosby            Tom Kuhnhackl            50     1   3  1  
 2 Jake Guentzel            Carl Hagelin             50     1   3  1  

Penalty Kill 4 Players Defense
   Defense                  Defense                  Time % Phy DF OF 
 1 Kris Letang              Brian Dumoulin           50     2   3  0  
 2 Derrick Pouliot          Olli Maatta              50     2   3  0  

Penalty Kill - 3 Players Forward 
   Forward                                           Time % Phy DF OF 
 1 Sidney Crosby                                     50     1   4  0  
 2 Evgeni Malkin                                     50     1   4  0  

Penalty Kill - 3 Players Defense
   Defense                  Defense                  Time % Phy DF OF 
 1 Kris Letang              Brian Dumoulin           50     2   3  0  
 2 Derrick Pouliot          Olli Maatta              50     2   3  0  

4 vs 4 Forward 
   Center                   Wing                     Time % Phy DF OF 
 1 Sidney Crosby            Conor Sheary             50     1   1  3  
 2 Evgeni Malkin            Patric Hornqvist         50     0   2  3  

4 vs 4 Defense
   Defense                  Defense                  Time % Phy DF OF 
 1 Kris Letang              Olli Maatta              50     1   3  1  
 2 Justin Schultz           Brian Dumoulin           50     1   4  0  

Last Minutes Offensive
   Center                   Left Wing                Right Wing               Defense                  Defense                  
   Evgeni Malkin            Carl Hagelin             Patric Hornqvist         Kris Letang              Olli Maatta              

Last Minutes Defensive
   Center                   Left Wing                Right Wing               Defense                  Defense                  
   Sidney Crosby            Blake Comeau             Conor Sheary             Derrick Pouliot          Ian Cole                 

Goaltenders
Starting : Matt Murray              
Backup : Tristan Jarry            

Extra Forwards
Normal : Sidney Crosby, Evgeni Malkin, Bryan Rust - PP : Jake Guentzel, Bryan Rust - PK : Dominik Simon
Extra Defensemen
Normal : Kris Letang, Olli Maatta, Justin Schultz - PP : Derrick Pouliot - PK : Olli Maatta, Justin Schultz
Penalty Shots
Sidney Crosby, Evgeni Malkin, Jake Guentzel, Kris Letang, Patric Hornqvist
Custom OT Lines Forwards
Sidney Crosby, Evgeni Malkin, Patric Hornqvist, Jake Guentzel, Carl Hagelin, Conor Sheary, Blake Comeau, Josh Archibald, Tom Kuhnhackl, Dominik Simon
Custom OT Lines Defensemen
Kris Letang, Olli Maatta, Justin Schultz, Brian Dumoulin, Derrick Pouliot

Scratches
Chad Ruhwedel (Healthy), Greg McKegg (Healthy), Ryan Reaves (Healthy)

New York Islanders

5 vs 5 Forward 
   Center                   Left Wing                Right Wing               Time % Phy DF OF 
 1 Bryan Little             Anders Lee               Mikko Rantanen           30     0   1  4  
 2 Mikael Backlund          Alex Galchenyuk          Sam Reinhart             30     0   2  3  
 3 Nick Foligno             Sven Baertschi           Kyle Okposo              25     1   2  2  
 4 Tanner Fritz             Phillip Di Giuseppe      Nikolay Kulemin          15     2   3  0  

5 vs 5 Defense 
   Defense                  Defense                                           Time % Phy DF OF 
 1 Oliver Ekman-Larsson     Derek Forbort                                     35     1   2  2  
 2 Andrew MacDonald         Braydon Coburn                                    30     1   2  2  
 3 Josh Gorges              Martin Marincin                                   25     1   3  1  
 4 Oliver Ekman-Larsson     Derek Forbort                                     10     2   3  0  

PowerPlay Forward 
   Center                   Left Wing                Right Wing               Time % Phy DF OF 
 1 Mikael Backlund          Anders Lee               Mikko Rantanen           55     0   0  5  
 2 Bryan Little             Alex Galchenyuk          Sam Reinhart             45     0   0  5  

PowerPlay Defense
   Defense                  Defense                                           Time % Phy DF OF 
 1 Oliver Ekman-Larsson     Derek Forbort                                     55     0   1  4  
 2 Braydon Coburn           Andrew MacDonald                                  45     0   2  3  

Penalty Kill 4 Players Forward 
   Center                   Wing                     Time % Phy DF OF 
 1 Mikael Backlund          Nikolay Kulemin          55     0   5  0  
 2 Bryan Little             Nick Foligno             45     0   5  0  

Penalty Kill 4 Players Defense
   Defense                  Defense                  Time % Phy DF OF 
 1 Oliver Ekman-Larsson     Derek Forbort            55     0   5  0  
 2 Braydon Coburn           Andrew MacDonald         45     0   5  0  

Penalty Kill - 3 Players Forward 
   Forward                                           Time % Phy DF OF 
 1 Mikael Backlund                                   60     0   5  0  
 2 Nikolay Kulemin                                   40     0   5  0  

Penalty Kill - 3 Players Defense
   Defense                  Defense                  Time % Phy DF OF 
 1 Oliver Ekman-Larsson     Derek Forbort            60     0   5  0  
 2 Andrew MacDonald         Braydon Coburn           40     0   5  0  

4 vs 4 Forward 
   Center                   Wing                     Time % Phy DF OF 
 1 Bryan Little             Mikko Rantanen           55     0   2  3  
 2 Mikael Backlund          Anders Lee               45     0   2  3  

4 vs 4 Defense
   Defense                  Defense                  Time % Phy DF OF 
 1 Oliver Ekman-Larsson     Derek Forbort            55     0   3  2  
 2 Braydon Coburn           Andrew MacDonald         45     0   3  2  

Last Minutes Offensive
   Center                   Left Wing                Right Wing               Defense                  Defense                  
   Bryan Little             Anders Lee               Mikko Rantanen           Oliver Ekman-Larsson     Derek Forbort            

Last Minutes Defensive
   Center                   Left Wing                Right Wing               Defense                  Defense                  
   Mikael Backlund          Nick Foligno             Nikolay Kulemin          Oliver Ekman-Larsson     Andrew MacDonald         

Goaltenders
Starting : Martin Jones             
Backup : Christopher Gibson       

Extra Forwards
Normal : Mikko Rantanen, Mikael Backlund, Anders Lee - PP : Mikko Rantanen, Mikael Backlund - PK : Mikko Rantanen
Extra Defensemen
Normal : Oliver Ekman-Larsson, Derek Forbort, Andrew MacDonald - PP : Oliver Ekman-Larsson - PK : Oliver Ekman-Larsson, Derek Forbort
Penalty Shots
Sven Baertschi, Anders Lee, Mikko Rantanen, Sam Reinhart, Bryan Little
Custom OT Lines Forwards
Mikko Rantanen, Mikael Backlund, Anders Lee, Bryan Little, Alex Galchenyuk, Sam Reinhart, Kyle Okposo, Sven Baertschi, Nick Foligno, Nikolay Kulemin
Custom OT Lines Defensemen
Oliver Ekman-Larsson, Derek Forbort, Andrew MacDonald, Braydon Coburn, Josh Gorges

Scratches
Kevin Shattenkirk (Healthy)

% Time on Ice - Pittsburgh Penguins

Lines # - Real PCT - Wanted PCT - Time Play
Normal Forward
1 - 30% - 30% - 14:53
2 - 27% - 30% - 13:33
3 - 22% - 22% - 10:50
4 - 22% - 18% - 10:48
Normal Defense
1 - 30% - 30% - 15:06
2 - 25% - 26% - 12:44
3 - 30% - 24% - 15:02
4 - 14% - 20% - 7:12
PP Forward
1 - 44% - 50% - 2:29
2 - 56% - 50% - 3:11
PP Defense
1 - 49% - 50% - 2:45
2 - 51% - 50% - 2:55
PK Forward
1 - 43% - 50% - 1:51
2 - 57% - 50% - 2:25
PK Defense
1 - 45% - 50% - 1:56
2 - 55% - 50% - 2:20
PK3 Forward
1 - 0% - 50%
2 - 0% - 50%
PK3 Defense
1 - 0% - 50%
2 - 0% - 50%
44 Forward
1 - 0% - 50%
2 - 0% - 50%
44 Defense
1 - 0% - 50%
2 - 0% - 50%
Last Minute Offensive  - 0:00
Last Minute Defensive  - 0:00
Total
Forward - 60:00
Defense - 60:00

% Time on Ice - New York Islanders

Lines # - Real PCT - Wanted PCT - Time Play
Normal Forward
1 - 27% - 30% - 13:46
2 - 29% - 30% - 14:46
3 - 25% - 25% - 12:39
4 - 18% - 15% - 8:53
Normal Defense
1 - 35% - 35% - 17:32
2 - 32% - 30% - 16:05
3 - 27% - 25% - 13:35
4 - 6% - 10% - 2:52
PP Forward
1 - 57% - 55% - 2:25
2 - 43% - 45% - 1:51
PP Defense
1 - 62% - 55% - 2:39
2 - 38% - 45% - 1:37
PK Forward
1 - 62% - 55% - 3:30
2 - 38% - 45% - 2:10
PK Defense
1 - 43% - 55% - 2:26
2 - 57% - 45% - 3:14
PK3 Forward
1 - 0% - 60%
2 - 0% - 40%
PK3 Defense
1 - 0% - 60%
2 - 0% - 40%
44 Forward
1 - 0% - 55%
2 - 0% - 45%
44 Defense
1 - 0% - 55%
2 - 0% - 45%
Last Minute Offensive  - 0:00
Last Minute Defensive  - 0:00
Total
Forward - 60:00
Defense - 60:00

Play-by-Play

1st period


0:01 of 1st period - Bryan Little wins face-off versus Sidney Crosby in neutral zone.
0:10 of 1st period - Backhand shot by Conor Sheary.
0:10 of 1st period - Stopped by Martin Jones with a rebound.
0:16 of 1st period - Wrist shot by Mikko Rantanen.
0:16 of 1st period - Stopped by Matt Murray with a rebound.
0:26 of 1st period - Carl Hagelin is hit by Oliver Ekman-Larsson and loses puck.
1:09 of 1st period - Snap shot by Sven Baertschi.
1:09 of 1st period - Stopped by Matt Murray with a rebound.
1:13 of 1st period - Slapshot by Oliver Ekman-Larsson.
1:13 of 1st period - Stopped by Matt Murray with a rebound.
1:15 of 1st period - Snap shot by Nikolay Kulemin.
1:15 of 1st period - Stopped by Matt Murray without a rebound.
1:16 of 1st period - Evgeni Malkin wins face-off versus Tanner Fritz in Pittsburgh Penguins zone.
1:33 of 1st period - Snap shot by Nikolay Kulemin.
1:33 of 1st period - Stopped by Matt Murray with a rebound.
1:35 of 1st period - Slapshot by Braydon Coburn.
1:35 of 1st period - Stopped by Matt Murray without a rebound.
1:36 of 1st period - Bryan Little wins face-off versus Blake Comeau in Pittsburgh Penguins zone.
1:41 of 1st period - Slapshot by Mikko Rantanen.
1:41 of 1st period - Stopped by Matt Murray with a rebound.
1:51 of 1st period - Wrist shot by Blake Comeau.
1:51 of 1st period - Shot Misses the Net.
2:06 of 1st period - Zach Aston-Reese is hit by Martin Marincin and loses puck.
3:18 of 1st period - Sidney Crosby is hit by Bryan Little and loses puck.
3:50 of 1st period - Minor Penalty to Zach Aston-Reese for Hooking.
3:51 of 1st period - Sidney Crosby wins face-off versus Mikael Backlund in Pittsburgh Penguins zone.
4:06 of 1st period - Wrist shot by Mikko Rantanen.
4:06 of 1st period - Goal by Mikko Rantanen - Pittsburgh Penguins : 0 - New York Islanders : 1.
4:07 of 1st period - Mikael Backlund wins face-off versus Sidney Crosby in neutral zone.
4:42 of 1st period - Snap shot by Carl Hagelin.
4:42 of 1st period - Deflect By Mikko Rantanen.
4:42 of 1st period - Stopped by Martin Jones without a rebound.
4:43 of 1st period - Nick Foligno wins face-off versus Jake Guentzel in New York Islanders zone.
5:08 of 1st period - Snap shot by Mikko Rantanen.
5:08 of 1st period - Shot Blocked by Ian Cole.
6:05 of 1st period - Ian Cole is hit by Phillip Di Giuseppe and loses puck.
6:41 of 1st period - Snap shot by Evgeni Malkin.
6:41 of 1st period - Deflect By Mikko Rantanen.
6:41 of 1st period - Shot Misses the Net.
6:41 of 1st period - Puck is out of play.
6:42 of 1st period - Jake Guentzel wins face-off versus Sam Reinhart in New York Islanders zone.
6:50 of 1st period - Snap shot by Jake Guentzel.
6:50 of 1st period - Shot Blocked by Derek Forbort.
6:52 of 1st period - Snap shot by Tom Kuhnhackl.
6:52 of 1st period - Stopped by Martin Jones without a rebound.
6:53 of 1st period - Evgeni Malkin wins face-off versus Nick Foligno in New York Islanders zone.
7:08 of 1st period - Kris Letang is hit by Nick Foligno and loses puck.
8:00 of 1st period - Snap shot by Dominik Simon.
8:00 of 1st period - Stopped by Martin Jones with a rebound.
8:23 of 1st period - Snap shot by Sven Baertschi.
8:23 of 1st period - Shot Misses the Net.
8:26 of 1st period - Icing by Brian Dumoulin.
8:27 of 1st period - Mikael Backlund wins face-off versus Evgeni Malkin in Pittsburgh Penguins zone.
8:48 of 1st period - Snap shot by Patric Hornqvist.
8:48 of 1st period - Stopped by Martin Jones without a rebound.
8:49 of 1st period - Bryan Little wins face-off versus Jake Guentzel in New York Islanders zone.
8:54 of 1st period - Wrist shot by Mikko Rantanen.
8:54 of 1st period - Stopped by Matt Murray without a rebound.
8:55 of 1st period - Bryan Little wins face-off versus Jake Guentzel in Pittsburgh Penguins zone.
8:56 of 1st period - Snap shot by Mikko Rantanen.
8:56 of 1st period - Shot Misses the Net.
9:08 of 1st period - Snap shot by Jake Guentzel.
9:08 of 1st period - Deflect By Bryan Rust.
9:08 of 1st period - Goal by Bryan Rust - Pittsburgh Penguins : 1 - New York Islanders : 1.
9:09 of 1st period - Mikael Backlund wins face-off versus Sidney Crosby in neutral zone.
9:34 of 1st period - Brian Dumoulin is hit by Oliver Ekman-Larsson and loses puck.
10:44 of 1st period - Backhand shot by Conor Sheary.
10:44 of 1st period - Stopped by Martin Jones without a rebound.
10:45 of 1st period - Jake Guentzel wins face-off versus Bryan Little in New York Islanders zone.
10:52 of 1st period - Snap shot by Mikko Rantanen.
10:52 of 1st period - Shot Blocked by Jake Guentzel.
11:34 of 1st period - Snap shot by Carl Hagelin.
11:34 of 1st period - Stopped by Martin Jones without a rebound.
11:35 of 1st period - Bryan Little wins face-off versus Zach Aston-Reese in New York Islanders zone.
13:03 of 1st period - Snap shot by Mikko Rantanen.
13:03 of 1st period - Stopped by Matt Murray with a rebound.
13:05 of 1st period - Slapshot by Martin Marincin.
13:05 of 1st period - Shot Blocked by Kris Letang.
13:07 of 1st period - Slapshot by Mikko Rantanen.
13:07 of 1st period - Stopped by Matt Murray with a rebound.
13:23 of 1st period - Slapshot by Kris Letang.
13:23 of 1st period - Stopped by Martin Jones with a rebound.
13:25 of 1st period - Snap shot by Olli Maatta.
13:25 of 1st period - Shot Misses the Net.
13:51 of 1st period - Snap shot by Evgeni Malkin.
13:51 of 1st period - Stopped by Martin Jones with a rebound.
14:07 of 1st period - Wrist shot by Jake Guentzel.
14:07 of 1st period - Stopped by Martin Jones with a rebound.
15:27 of 1st period - Wrist shot by Tanner Fritz.
15:27 of 1st period - Shot Misses the Net.
15:29 of 1st period - Slapshot by Derek Forbort.
15:29 of 1st period - Shot Misses the Net.
15:39 of 1st period - Brian Dumoulin is hit by Bryan Little.
15:59 of 1st period - Kyle Okposo is hit by Sidney Crosby and loses puck.
16:04 of 1st period - Wrist shot by Sidney Crosby.
16:04 of 1st period - Deflect By Nick Foligno.
16:04 of 1st period - Shot Misses the Net.
16:04 of 1st period - Puck is out of play.
16:05 of 1st period - Mikael Backlund wins face-off versus Sidney Crosby in New York Islanders zone.
16:18 of 1st period - Sam Reinhart is hit by Olli Maatta and loses puck.
16:38 of 1st period - Brian Dumoulin is hit by Martin Marincin and loses puck.
16:51 of 1st period - Andrew MacDonald is hit by Josh Archibald and loses puck.
16:56 of 1st period - Slapshot by Zach Aston-Reese.
16:56 of 1st period - Stopped by Martin Jones without a rebound.
16:57 of 1st period - Mikael Backlund wins face-off versus Zach Aston-Reese in New York Islanders zone.
17:20 of 1st period - Bryan Little is hit by Dominik Simon.
17:33 of 1st period - Off-side.
17:34 of 1st period - Sidney Crosby wins face-off versus Nick Foligno in neutral zone.
17:41 of 1st period - Wrist shot by Sven Baertschi.
17:41 of 1st period - Goal by Sven Baertschi - Pittsburgh Penguins : 1 - New York Islanders : 2.
17:42 of 1st period - Evgeni Malkin wins face-off versus Mikael Backlund in neutral zone.
17:45 of 1st period - Derek Forbort is hit by Carl Hagelin and loses puck.
18:28 of 1st period - Tom Kuhnhackl is hit by Sven Baertschi and loses puck.
18:49 of 1st period - Slapshot by Oliver Ekman-Larsson.
18:49 of 1st period - Deflect By Tanner Fritz.
18:49 of 1st period - Shot Misses the Net.
18:49 of 1st period - Puck is out of play.
18:50 of 1st period - Nikolay Kulemin wins face-off versus Zach Aston-Reese in Pittsburgh Penguins zone.
19:11 of 1st period - Kris Letang is hit by Braydon Coburn and loses puck.
19:18 of 1st period - Wrist shot by Nikolay Kulemin.
19:18 of 1st period - Shot Misses the Net.
19:20 of 1st period - Slapshot by Martin Marincin.
19:20 of 1st period - Shot Misses the Net.
19:22 of 1st period - Slapshot by Tanner Fritz.
19:22 of 1st period - Stopped by Matt Murray with a rebound.
19:24 of 1st period - Slapshot by Josh Gorges.
19:24 of 1st period - Deflect By Olli Maatta.
19:24 of 1st period - Stopped by Matt Murray with a rebound.
19:26 of 1st period - Snap shot by Josh Gorges.
19:26 of 1st period - Shot Misses the Net.
19:54 of 1st period - Wrist shot by Phillip Di Giuseppe.
19:54 of 1st period - Stopped by Matt Murray with a rebound.
19:56 of 1st period - Snap shot by Nikolay Kulemin.
19:56 of 1st period - Shot Blocked by Zach Aston-Reese.
Goals for this period are 1 for Pittsburgh Penguins vs 2 for New York Islanders.
Shots for this period are 12 for Pittsburgh Penguins vs 15 for New York Islanders.

2nd period


0:01 of 2nd period - Evgeni Malkin wins face-off versus Alex Galchenyuk in neutral zone.
0:06 of 2nd period - Snap shot by Evgeni Malkin.
0:06 of 2nd period - Stopped by Martin Jones without a rebound.
0:07 of 2nd period - Evgeni Malkin wins face-off versus Mikael Backlund in New York Islanders zone.
0:12 of 2nd period - Snap shot by Evgeni Malkin.
0:12 of 2nd period - Deflect By Alex Galchenyuk.
0:12 of 2nd period - Stopped by Martin Jones with a rebound.
0:14 of 2nd period - Snap shot by Brian Dumoulin.
0:14 of 2nd period - Stopped by Martin Jones with a rebound.
0:16 of 2nd period - Slapshot by Kris Letang.
0:16 of 2nd period - Shot Misses the Net.
0:57 of 2nd period - Slapshot by Nick Foligno.
0:57 of 2nd period - Stopped by Matt Murray with a rebound.
1:11 of 2nd period - Ian Cole is hit by Braydon Coburn and loses puck.
1:16 of 2nd period - Wrist shot by Phillip Di Giuseppe.
1:16 of 2nd period - Shot Misses the Net.
1:18 of 2nd period - Wrist shot by Martin Marincin.
1:18 of 2nd period - Shot Misses the Net.
1:32 of 2nd period - Wrist shot by Mikko Rantanen.
1:32 of 2nd period - Stopped by Matt Murray without a rebound.
1:33 of 2nd period - Bryan Little wins face-off versus Evgeni Malkin in Pittsburgh Penguins zone.
1:34 of 2nd period - Snap shot by Mikko Rantanen.
1:34 of 2nd period - Goal by Mikko Rantanen - Pittsburgh Penguins : 1 - New York Islanders : 3.
1:35 of 2nd period - Sidney Crosby wins face-off versus Mikael Backlund in neutral zone.
1:38 of 2nd period - Wrist shot by Blake Comeau.
1:38 of 2nd period - Stopped by Martin Jones with a rebound.
1:48 of 2nd period - Wrist shot by Alex Galchenyuk.
1:48 of 2nd period - Stopped by Matt Murray without a rebound.
1:49 of 2nd period - Evgeni Malkin wins face-off versus Bryan Little in Pittsburgh Penguins zone.
2:14 of 2nd period - Alex Galchenyuk is hit by Blake Comeau and loses puck.
2:23 of 2nd period - Snap shot by Mikael Backlund.
2:23 of 2nd period - Deflect By Sam Reinhart.
2:23 of 2nd period - Stopped by Matt Murray without a rebound.
2:24 of 2nd period - Nick Foligno wins face-off versus Jake Guentzel in Pittsburgh Penguins zone.
2:47 of 2nd period - Minor Penalty to Jake Guentzel for Hooking.
2:48 of 2nd period - Sidney Crosby wins face-off versus Mikael Backlund in Pittsburgh Penguins zone.
3:13 of 2nd period - Carl Hagelin is hit by Derek Forbort and loses puck.
3:40 of 2nd period - Tom Kuhnhackl is hit by Anders Lee and loses puck.
4:41 of 2nd period - Olli Maatta is hit by Nick Foligno and loses puck.
4:47 of 2nd period - Penalty to Jake Guentzel is over, Jake Guentzel is back on ice.
5:04 of 2nd period - Sven Baertschi is hit by Conor Sheary and loses puck.
5:21 of 2nd period - Martin Marincin is hit by Tom Kuhnhackl and loses puck.
7:02 of 2nd period - Kyle Okposo is hit by Derrick Pouliot and loses puck.
7:09 of 2nd period - Tom Kuhnhackl is hit by Kyle Okposo and loses puck.
7:18 of 2nd period - Jake Guentzel is hit by Sven Baertschi and loses puck.
7:25 of 2nd period - Wrist shot by Sven Baertschi.
7:25 of 2nd period - Shot Blocked by Derrick Pouliot.
8:09 of 2nd period - Snap shot by Bryan Rust.
8:09 of 2nd period - Stopped by Martin Jones without a rebound.
8:10 of 2nd period - Patric Hornqvist wins face-off versus Bryan Little in New York Islanders zone.
8:17 of 2nd period - Backhand shot by Patric Hornqvist.
8:17 of 2nd period - Shot Misses the Net.
8:19 of 2nd period - Wrist shot by Evgeni Malkin.
8:19 of 2nd period - Deflect By Carl Hagelin.
8:19 of 2nd period - Stopped by Martin Jones without a rebound.
8:20 of 2nd period - Bryan Little wins face-off versus Evgeni Malkin in New York Islanders zone.
8:50 of 2nd period - Icing by Justin Schultz.
8:51 of 2nd period - Sam Reinhart wins face-off versus Evgeni Malkin in Pittsburgh Penguins zone.
9:19 of 2nd period - Snap shot by Alex Galchenyuk.
9:19 of 2nd period - Shot Blocked by Carl Hagelin.
9:35 of 2nd period - Wrist shot by Patric Hornqvist.
9:35 of 2nd period - Stopped by Martin Jones with a rebound.
9:37 of 2nd period - Snap shot by Carl Hagelin.
9:37 of 2nd period - Stopped by Martin Jones without a rebound.
9:38 of 2nd period - Bryan Little wins face-off versus Sidney Crosby in New York Islanders zone.
10:07 of 2nd period - Snap shot by Phillip Di Giuseppe.
10:07 of 2nd period - Deflect By Olli Maatta.
10:07 of 2nd period - Shot Misses the Net.
10:07 of 2nd period - Puck is out of play.
10:08 of 2nd period - Zach Aston-Reese wins face-off versus Nick Foligno in Pittsburgh Penguins zone.
10:23 of 2nd period - Snap shot by Nick Foligno.
10:23 of 2nd period - Stopped by Matt Murray with a rebound.
11:07 of 2nd period - Wrist shot by Mikko Rantanen.
11:07 of 2nd period - Stopped by Matt Murray with a rebound.
11:21 of 2nd period - Wrist shot by Alex Galchenyuk.
11:21 of 2nd period - Stopped by Matt Murray with a rebound.
11:23 of 2nd period - Snap shot by Sam Reinhart.
11:23 of 2nd period - Stopped by Matt Murray with a rebound.
11:25 of 2nd period - Backhand shot by Sam Reinhart.
11:25 of 2nd period - Stopped by Matt Murray with a rebound.
11:44 of 2nd period - Minor Penalty to Nick Foligno for Hooking.
11:45 of 2nd period - Evgeni Malkin wins face-off versus Mikael Backlund in New York Islanders zone.
12:11 of 2nd period - Nikolay Kulemin is hit by Sidney Crosby and loses puck.
13:44 of 2nd period - Penalty to Nick Foligno is over, Nick Foligno is back on ice.
14:11 of 2nd period - Slapshot by Josh Archibald.
14:11 of 2nd period - Shot Blocked by Sven Baertschi.
14:18 of 2nd period - Icing by Nick Foligno.
14:19 of 2nd period - Jake Guentzel wins face-off versus Tanner Fritz in New York Islanders zone.
14:44 of 2nd period - Wrist shot by Josh Archibald.
14:44 of 2nd period - Stopped by Martin Jones with a rebound.
14:48 of 2nd period - Snap shot by Dominik Simon.
14:48 of 2nd period - Stopped by Martin Jones without a rebound.
14:49 of 2nd period - Sam Reinhart wins face-off versus Evgeni Malkin in New York Islanders zone.
15:02 of 2nd period - Wrist shot by Evgeni Malkin.
15:02 of 2nd period - Goal by Evgeni Malkin - Pittsburgh Penguins : 2 - New York Islanders : 3.
15:03 of 2nd period - Mikael Backlund wins face-off versus Conor Sheary in neutral zone.
16:07 of 2nd period - Slapshot by Kris Letang.
16:07 of 2nd period - Shot Blocked by Derek Forbort.
16:15 of 2nd period - Wrist shot by Evgeni Malkin.
16:15 of 2nd period - Shot Misses the Net.
16:37 of 2nd period - Wrist shot by Patric Hornqvist.
16:37 of 2nd period - Stopped by Martin Jones with a rebound.
16:39 of 2nd period - Wrist shot by Evgeni Malkin.
16:39 of 2nd period - Shot Misses the Net.
17:09 of 2nd period - Snap shot by Carl Hagelin.
17:09 of 2nd period - Stopped by Martin Jones without a rebound.
17:10 of 2nd period - Sidney Crosby wins face-off versus Mikael Backlund in New York Islanders zone.
18:22 of 2nd period - Minor Penalty to Martin Marincin for Holding.
18:23 of 2nd period - Sidney Crosby wins face-off versus Mikael Backlund in New York Islanders zone.
19:19 of 2nd period - Nick Foligno is hit by Patric Hornqvist and loses puck.
Goals for this period are 1 for Pittsburgh Penguins vs 1 for New York Islanders.
Shots for this period are 13 for Pittsburgh Penguins vs 10 for New York Islanders.

3rd period


0:01 of 3rd period - Evgeni Malkin wins face-off versus Mikael Backlund in neutral zone.
0:04 of 3rd period - Slapshot by Justin Schultz.
0:04 of 3rd period - Goal by Justin Schultz - Pittsburgh Penguins : 3 - New York Islanders : 3.
0:05 of 3rd period - Mikael Backlund wins face-off versus Sidney Crosby in neutral zone.
0:08 of 3rd period - Snap shot by Alex Galchenyuk.
0:08 of 3rd period - Stopped by Matt Murray without a rebound.
0:09 of 3rd period - Sidney Crosby wins face-off versus Mikael Backlund in Pittsburgh Penguins zone.
0:59 of 3rd period - Snap shot by Tanner Fritz.
0:59 of 3rd period - Stopped by Matt Murray with a rebound.
1:16 of 3rd period - Ian Cole is hit by Kyle Okposo and loses puck.
1:35 of 3rd period - Snap shot by Mikael Backlund.
1:35 of 3rd period - Stopped by Matt Murray without a rebound.
1:36 of 3rd period - Bryan Little wins face-off versus Sidney Crosby in Pittsburgh Penguins zone.
1:37 of 3rd period - Slapshot by Mikko Rantanen.
1:37 of 3rd period - Stopped by Matt Murray with a rebound.
1:39 of 3rd period - Wrist shot by Bryan Little.
1:39 of 3rd period - Stopped by Matt Murray without a rebound.
1:40 of 3rd period - Bryan Little wins face-off versus Blake Comeau in Pittsburgh Penguins zone.
2:04 of 3rd period - Minor Penalty to Martin Marincin for Checking from behind.
2:05 of 3rd period - Mikael Backlund wins face-off versus Evgeni Malkin in New York Islanders zone.
4:04 of 3rd period - Penalty to Martin Marincin is over, Martin Marincin is back on ice.
4:18 of 3rd period - Nick Foligno is hit by Jake Guentzel and loses puck.
4:31 of 3rd period - Wrist shot by Nick Foligno.
4:31 of 3rd period - Shot Misses the Net.
5:09 of 3rd period - Wrist shot by Jake Guentzel.
5:09 of 3rd period - Stopped by Martin Jones without a rebound.
5:10 of 3rd period - Tanner Fritz wins face-off versus Zach Aston-Reese in New York Islanders zone.
5:10 of 3rd period - Tanner Fritz is hit by Zach Aston-Reese.
6:17 of 3rd period - Snap shot by Mikael Backlund.
6:17 of 3rd period - Stopped by Matt Murray without a rebound.
6:18 of 3rd period - Jake Guentzel wins face-off versus Mikael Backlund in Pittsburgh Penguins zone.
6:25 of 3rd period - Mikael Backlund is hit by Jake Guentzel.
6:45 of 3rd period - Slapshot by Blake Comeau.
6:45 of 3rd period - Shot Hit the Post.
6:49 of 3rd period - Slapshot by Blake Comeau.
6:49 of 3rd period - Stopped by Martin Jones with a rebound.
6:53 of 3rd period - Snap shot by Conor Sheary.
6:53 of 3rd period - Shot Blocked by Tanner Fritz.
7:38 of 3rd period - Snap shot by Carl Hagelin.
7:38 of 3rd period - Stopped by Martin Jones with a rebound.
7:40 of 3rd period - Slapshot by Brian Dumoulin.
7:40 of 3rd period - Deflect By Anders Lee.
7:40 of 3rd period - Stopped by Martin Jones without a rebound.
7:41 of 3rd period - Sidney Crosby wins face-off versus Mikael Backlund in New York Islanders zone.
8:08 of 3rd period - Kyle Okposo is hit by Tom Kuhnhackl.
8:14 of 3rd period - Snap shot by Nick Foligno.
8:14 of 3rd period - Stopped by Matt Murray without a rebound.
8:15 of 3rd period - Bryan Little wins face-off versus Jake Guentzel in Pittsburgh Penguins zone.
8:18 of 3rd period - Snap shot by Bryan Little.
8:18 of 3rd period - Stopped by Matt Murray with a rebound.
8:37 of 3rd period - Icing by Braydon Coburn.
8:38 of 3rd period - Bryan Little wins face-off versus Sidney Crosby in New York Islanders zone.
9:22 of 3rd period - Derek Forbort is hit by Zach Aston-Reese and loses puck.
9:29 of 3rd period - Snap shot by Dominik Simon.
9:29 of 3rd period - Deflect By Nick Foligno.
9:29 of 3rd period - Shot Misses the Net.
9:29 of 3rd period - Puck is out of play.
9:30 of 3rd period - Sidney Crosby wins face-off versus Bryan Little in New York Islanders zone.
9:35 of 3rd period - Snap shot by Blake Comeau.
9:35 of 3rd period - Shot Misses the Net.
9:43 of 3rd period - Backhand shot by Anders Lee.
9:43 of 3rd period - Stopped by Matt Murray without a rebound.
9:44 of 3rd period - Evgeni Malkin wins face-off versus Mikael Backlund in Pittsburgh Penguins zone.
9:49 of 3rd period - Sam Reinhart is hit by Patric Hornqvist and loses puck.
10:36 of 3rd period - Minor Penalty to Bryan Rust for Roughing.
10:37 of 3rd period - Sidney Crosby wins face-off versus Mikael Backlund in Pittsburgh Penguins zone.
10:53 of 3rd period - Snap shot by Mikko Rantanen.
10:53 of 3rd period - Shot Blocked by Derrick Pouliot.
12:35 of 3rd period - Bryan Little is hit by Justin Schultz and loses puck.
12:36 of 3rd period - Penalty to Bryan Rust is over, Bryan Rust is back on ice.
12:42 of 3rd period - Dominik Simon is hit by Bryan Little and loses puck.
13:45 of 3rd period - Snap shot by Evgeni Malkin.
13:45 of 3rd period - Shot Misses the Net.
13:47 of 3rd period - Slapshot by Kris Letang.
13:47 of 3rd period - Stopped by Martin Jones without a rebound.
13:48 of 3rd period - Nick Foligno wins face-off versus Evgeni Malkin in New York Islanders zone.
14:01 of 3rd period - Slapshot by Kris Letang.
14:01 of 3rd period - Shot Misses the Net.
14:11 of 3rd period - Bryan Rust is hit by Braydon Coburn and loses puck.
14:36 of 3rd period - Snap shot by Dominik Simon.
14:36 of 3rd period - Stopped by Martin Jones without a rebound.
14:37 of 3rd period - Nick Foligno wins face-off versus Sidney Crosby in New York Islanders zone.
14:37 of 3rd period - Nick Foligno is hit by Blake Comeau.
14:47 of 3rd period - Slapshot by Kyle Okposo.
14:47 of 3rd period - Goal by Kyle Okposo - Pittsburgh Penguins : 3 - New York Islanders : 4.
14:48 of 3rd period - Anders Lee wins face-off versus Sidney Crosby in neutral zone.
14:51 of 3rd period - Brian Dumoulin is hit by Anders Lee and loses puck.
15:09 of 3rd period - Minor Penalty to Blake Comeau for Holding.
15:10 of 3rd period - Mikael Backlund wins face-off versus Sidney Crosby in Pittsburgh Penguins zone.
15:11 of 3rd period - Slapshot by Mikko Rantanen.
15:11 of 3rd period - Goal by Mikko Rantanen - Pittsburgh Penguins : 3 - New York Islanders : 5.
15:12 of 3rd period - Jake Guentzel wins face-off versus Nick Foligno in neutral zone.
15:25 of 3rd period - Wrist shot by Kyle Okposo.
15:25 of 3rd period - Deflect By Nick Foligno.
15:25 of 3rd period - Stopped by Matt Murray with a rebound.
16:10 of 3rd period - Wrist shot by Nikolay Kulemin.
16:10 of 3rd period - Shot Blocked by Ian Cole.
16:26 of 3rd period - Slapshot by Derrick Pouliot.
16:26 of 3rd period - Stopped by Martin Jones without a rebound.
16:27 of 3rd period - Mikael Backlund wins face-off versus Zach Aston-Reese in New York Islanders zone.
17:09 of 3rd period - Wrist shot by Alex Galchenyuk.
17:09 of 3rd period - Stopped by Matt Murray with a rebound.
17:11 of 3rd period - Slapshot by Andrew MacDonald.
17:11 of 3rd period - Shot Blocked by Olli Maatta.
17:13 of 3rd period - Slapshot by Sam Reinhart.
17:13 of 3rd period - Stopped by Matt Murray with a rebound.
17:15 of 3rd period - Wrist shot by Andrew MacDonald.
17:15 of 3rd period - Deflect By Kris Letang.
17:15 of 3rd period - Stopped by Matt Murray without a rebound.
17:16 of 3rd period - Nick Foligno wins face-off versus Jake Guentzel in Pittsburgh Penguins zone.
17:43 of 3rd period - Blake Comeau is hit by Martin Marincin and loses puck.
18:06 of 3rd period - Slapshot by Patric Hornqvist.
18:06 of 3rd period - Stopped by Martin Jones with a rebound.
18:08 of 3rd period - Slapshot by Patric Hornqvist.
18:08 of 3rd period - Shot Misses the Net.
18:10 of 3rd period - Wrist shot by Patric Hornqvist.
18:10 of 3rd period - Shot Blocked by Mikko Rantanen.
18:12 of 3rd period - Snap shot by Carl Hagelin.
18:12 of 3rd period - Shot Misses the Net.
19:37 of 3rd period - Sidney Crosby is hit by Josh Gorges and loses puck.
Goals for this period are 1 for Pittsburgh Penguins vs 2 for New York Islanders.
Shots for this period are 9 for Pittsburgh Penguins vs 15 for New York Islanders.